 Dungeon Sprint DCSS version 0.26-a0-20-g5f92b90 (webtiles) character file.

Game seed: 1997647766551684295, levelgen mode: deterministic

0 102938475621 the Grave Robber (level 3, 0/21 HPs)
             Began as an Octopode Necromancer on May 25, 2020.
             Was an Initiate of Makhleb.
             Slain by an adder (5 damage)
             ... in the Dungeon (Sprint VI: "Thunderdome").
             The game lasted 00:02:38 (94 turns).

102938475621 the Grave Robber (Octopode Necromancer)  Turns: 94, Time: 00:02:38

Health: 0/21       AC:  1    Str: 18    XL:     3   Next: 16%
Magic:  3/7        EV: 14    Int: 19    God:    Makhleb [......]
Gold:   20         SH:  0    Dex: 14    Spells: 4/8 levels left

rFire    + . .     SeeInvis .     - Unarmed
rCold    + . .     Gourm    .   (no shield)
rNeg     + + +     Faith    .   (helmet restricted)
rPois    .         Spirit   .   (no amulet)
rElec    +         Reflect  .   g - ring "Foqo" {rElec rF++ rC+ rN+ Int-3}
rCorr    .         Harm     .   l - ring of the Lobster {+Fly rN+}
MR       .....     NoTele   +   m - ring "Jeitacki" {rElec rF- rN+ Str+5 Slay+5}
Stlth    +++.......             n - ring "Uclac" {Str+6 Int+4 Dex+2}
HPRegen  0.07/turn              (no ring)
MPRegen  0.10/turn              (no ring)
                                (no ring)
                                (no ring)

@: lethally poisoned (0 -> -4)
A: almost no armour, stealthy swim, amphibious, 8 rings, constrict 8, camouflage
1, gelatinous body 1
a: Renounce Religion, Evoke Flight


You were in the Dungeon.
You worshipped Makhleb.
Makhleb was noncommittal.
You were not hungry.

You visited 1 branch You collected 200 gold pieces.
You spent 180 gold pieces at shops.

Inventory:

Jewellery
 g - the ring "Foqo" (left tentacle) {rElec rF++ rC+ rN+ Int-3}
   (You bought it in a shop in the Dungeon)

   [ring of protection from cold]

   It affects your intelligence (-3).
   It greatly protects you from fire.
   It protects you from cold.
   It insulates you from electricity.
   It protects you from negative energy.
 l - the ring of the Lobster (right tentacle) {+Fly rN+}
   (You bought it in a shop in the Dungeon)

   [ring of positive energy]

   It protects you from negative energy.
   It lets you fly.
 m - the ring "Jeitacki" (on tentacle) {rElec rF- rN+ Str+5 Slay+5}
   (You bought it in a shop in the Dungeon)

   [ring of positive energy]

   It affects your strength (+5).
   It affects your accuracy and damage with ranged weapons and melee attacks
   (+5).
   It makes you vulnerable to fire.
   It insulates you from electricity.
   It protects you from negative energy.
 n - the ring "Uclac" (on tentacle) {Str+6 Int+4 Dex+2}
   (You bought it in a shop in the Dungeon)

   [ring of strength]

   It affects your strength (+6).
   It affects your intelligence (+4).
   It affects your dexterity (+2).
Wands
 i - a wand of acid (5)
 j - a wand of iceblast (3)
Scrolls
 h - 4 scrolls of blinking
 k - 3 scrolls of fog
Potions
 a - a potion of resistance
 c - a potion of curing
 d - 4 potions of heal wounds
 e - 4 potions of haste
 f - 2 potions of magic
Comestibles
 b - a ration


   Skills:
 + Level 3.5 Dodging
 - Level 2.6 Stealth
 * Level 4.0 Unarmed Combat
 + Level 3.3 Spellcasting
 - Level 4.0 Necromancy


You had 4 spell levels left.
You knew the following spells:

 Your Spells              Type           Power        Failure   Level  Hunger
a - Pain                  Necr           ###.         3%          1    None
b - Vampiric Draining     Necr           ###.......   9%          3    ###....

Your spell library contained the following spells:

 Spells                   Type           Power        Failure   Level  Hunger
 Animate Skeleton         Necr           N/A          3%          1    None
 Animate Dead             Necr           N/A          28%         4    ####...
 Agony                    Necr           ###.....     63%         5    ######.


Dungeon Overview and Level Annotations

Branches:
Dungeon (1/1)

Altars:
Dithmenos
Fedhas
Gozag
Makhleb
Qazlal
Sif Muna
Wu Jian
Yredelemnul
Zin
The Shining One
Beogh

Shops:
D *[%???:(


Innate Abilities, Weirdness & Mutations

You cannot wear most types of armour.
You are very stealthy in the water. (Stealth+)
You are amphibious.
You can wear up to eight rings at the same time.
You can use your tentacles to constrict eight enemies at once.
Your skin changes colour to match your surroundings (Stealth+).
Your rubbery body absorbs attacks. (AC +1, EV +1)


Message History

Aiming: Pain (safe; 3% risk of failure)
Press: ? - help, Shift-Dir - straight line, f/p - adder
Aim: an adder (chance to defeat MR: 84%)
The adder writhes in agony.
The adder barely misses you.
Casting: Pain (safe; 3% risk of failure)
Confirm with . or Enter, or press ? or * to list all spells.
Aiming: Pain (safe; 3% risk of failure)
Press: ? - help, Shift-Dir - straight line, f/p - adder
Aim: an adder (moderately wounded, chance to defeat MR: 84%)
The adder writhes in agony.
The adder barely misses you.
Casting: Pain (safe; 3% risk of failure)
Confirm with . or Enter, or press ? or * to list all spells.
Aiming: Pain (safe; 3% risk of failure)
Press: ? - help, Shift-Dir - straight line, f/p - adder
Aim: an adder (severely wounded, chance to defeat MR: 84%)
The adder barely resists.
The adder bites you.
* * * LOW HITPOINT WARNING * * *
You are poisoned.
The adder poisons you! The adder bites you.
You die...

#_......._# #_........#
###....†....###
#⌠...........⌠#
######.8.........8.##
##∩___......###......_
#∩........8.# .8.....
#............S###.......
#⌠..........###@..###..
#⌠..........# #.<.# ..
#⌠..........# #...#
##.............###..
###∩........8. .8..
##∩.__...... ......
######.8... ...8.#
#⌠.... ....⌠# ###. .###


You could see an adder.

Vanquished Creatures
  3 adders (D)
  A ball python (D)
4 creatures vanquished.

Notes
Turn   | Place    | Note
-------+----------+-------------------------------------------
     0 | D        | 102938475621 the Octopode Necromancer began the quest for
                  | the Orb.
     0 | D        | Reached XP level 1. HP: 11/11 MP: 3/3
     1 | D        | Found an ornate altar of the Wu Jian Council.
     3 | D        | Found a stormy altar of Qazlal.
     3 | D        | Found a burning altar of Makhleb.
     4 | D        | Found a glowing silver altar of Zin.
     4 | D        | Found a shadowy altar of Dithmenos.
     5 | D        | Found a glowing golden altar of the Shining One.
     5 | D        | Found a roughly hewn altar of Beogh.
     5 | D        | Round 1.
     6 | D        | Found a basalt altar of Yredelemnul.
     6 | D        | Found Leyky's Magic Scroll Shop.
     6 | D        | Found Mibevof's Staff Store.
     7 | D        | Found Egrega's Magic Scroll Shop.
     7 | D        | Found Korrakue's Must-Have Magic.
    10 | D        | Reached skill level 1 in Unarmed Combat
    17 | D        | Reached XP level 2. HP: 7/17 MP: 3/5
    22 | D        | Found a shimmering blue altar of Sif Muna.
    26 | D        | Became a worshipper of Makhleb the Destroyer
    29 | D        | Found Yppicwuj's Delicious Food.
    55 | D        | Reached XP level 3. HP: 9/21 MP: 7/7
    62 | D        | Found Xuicyivi's Jewellery.
    62 | D        | Found Zilakir's Advanced Armour.
    68 | D        | Found a blossoming altar of Fedhas.
    68 | D        | Found Zesatz's Identification Station.
    68 | D        | Found an opulent altar of Gozag.
    71 | D        | Bought a crude pewter ring for 45 gold pieces
    71 | D        | Bought a fine bone ring for 45 gold pieces
    71 | D        | Bought a pitted tin ring for 45 gold pieces
    71 | D        | Bought a pitted amber ring for 45 gold pieces
    71 | D        | Identified the ring "Foqo" {rElec rF++ rC+ rN+ Int-3} (You
                  | bought it in a shop in the Dungeon)
    72 | D        | Identified the ring of the Lobster {+Fly rN+} (You bought
                  | it in a shop in the Dungeon)
    73 | D        | Identified the ring "Jeitacki" {rElec rF- rN+ Str+5 Slay+5}
                  | (You bought it in a shop in the Dungeon)
    74 | D        | Identified the ring "Uclac" {Str+6 Int+4 Dex+2} (You bought
                  | it in a shop in the Dungeon)
    89 | D        | Learned a level 3 spell: Vampiric Draining
    94 | D        | Slain by an adder

Illustrated notes

Levels and vault maps discovered:
D:        arena_sprint

Skill      XL: |  1  2 |
---------------+-------+-----
Unarmed Combat | 2 4 |  4.0
Dodging        | 3 |  3.5
Spellcasting   | 3 |  3.3
Stealth        | |  2.6
Necromancy     | |  4.0

Action                   || total
-------------------------++-------
Melee: Unarmed           ||     6
       Tentacles         ||     2
       Constrict         ||     2
 Cast: Pain              ||     4
Evoke: Wand              ||     2
  Use: Potion            ||     1
Dodge: Dodged            ||     6

Table legend:
 A = Non-vault XP
 B = Vault XP
 C = Vault XP percentage of total XP
 D = Non-vault monster count
 E = Vault monster count
 F = Vault count percentage of total count
                 A         B        C        D         E       F
            +---------+---------+-------+---------+---------+-------
      Total |      42 |       0 |   0.0 |       4 |       0 |   0.0
            +---------+---------+-------+---------+---------+-------
          D |      42 |       0 |   0.0 |       4 |       0 |   0.0
            +---------+---------+-------+---------+---------+-------
